 Dungeon Crawl Stone Soup version 0.27-a0-1184-ge86db4a01e (webtiles) character file.

Game seed: 3906011141005340557

1975 bilbop the Shield-Bearer (level 9, 0/79 HPs)
             Began as a Minotaur Fighter on May 18, 2021.
             Slain by a two-headed ogre
             ... wielding a +0 giant spiked club
              (23 damage)
             ... on level 7 of the Dungeon.
             The game lasted 00:24:16 (5533 turns).

bilbop the Shield-Bearer (Minotaur Fighter)         Turns: 5533, Time: 00:24:16

Health: 0/79       AC:  9    Str: 22    XL:     9   Next: 0%
Magic:  8/8        EV: 12    Int:  7    God:
Gold:   294        SH: 11    Dex: 10    Spells: 8/8 levels left

rFire    . . .     SeeInvis .   a - +0 trident
rCold    . . .     Faith    .   c - +0 kite shield
rNeg     . . .     Spirit   .   G - +0 scale mail
rPois    .         Reflect  .   (helmet restricted)
rElec    .         Harm     .   (no cloak)
rCorr    .         Rampage  .   (no gloves)
Will     .....                  E - +0 pair of boots
Stlth    ..........             y - amulet of the acrobat
HPRegen  0.23/turn              v - +4 ring of slaying
MPRegen  0.11/turn              F - +4 ring of evasion

@: no status effects
A: horns 2, retaliatory headbutt
a: no special abilities


You were on level 7 of the Dungeon.
You visited 1 branch of the dungeon, and saw 7 of its levels.

You collected 393 gold pieces.
You spent 99 gold pieces at shops.

Inventory:

Hand Weapons
 a - a +0 trident (weapon)
 b - a +0 arbalest
Missiles
 o - 15 bolts
Armour
 c - a +0 kite shield (worn)
 E - a +0 pair of boots (worn)
 G - a +0 scale mail (worn)
 L - a +0 plate armour
Jewellery
 f - a ring of magical power
 h - a ring of protection from fire
 m - a ring of protection from cold
 r - a +6 ring of dexterity
 v - a +4 ring of slaying (left hand)
 x - a ring of ice
 y - an amulet of the acrobat (around neck)
 F - a +4 ring of evasion (right hand)
Wands
 k - a wand of polymorph (10)
 A - a wand of iceblast (18)
Scrolls
 e - 2 scrolls of enchant armour {unknown}
 g - a scroll of magic mapping {unknown}
 j - a scroll of immolation {unknown}
 l - 3 scrolls of identify {unknown}
 q - 3 scrolls of noise {unknown}
 s - a scroll of amnesia {unknown}
 B - 2 scrolls of brand weapon {unknown}
 C - a scroll of summoning {unknown}
 H - a scroll of acquirement {unknown}
 I - a scroll of fog {unknown}
 J - a scroll of blinking {unknown}
 M - a scroll of fear {unknown}
Potions
 d - 2 potions of might
 i - a potion of brilliance {unknown}
 n - 2 potions of berserk rage {unknown}
 p - 4 potions of curing {unknown}
 t - 2 potions of flight {unknown}
 u - 2 potions of degeneration {unknown}
 w - a potion of haste {unknown}
 z - a potion of ambrosia {unknown}
 D - a potion of mutation {unknown}
 K - 2 potions of heal wounds {unknown}


   Skills:
 + Level 7.6 Fighting
 + Level 7.1 Polearms
 + Level 3.3 Crossbows
 + Level 7.6 Armour
 + Level 7.7 Shields


You had 8 spell levels left.
You didn't know any spells.
Your spell library contained the following spells:

 Spells                   Type           Power      Damage    Failure   Level
 Corona                   Hex            0%         N/A       95%         1
 Ensorcelled Hibernation  Hex/Ice        0%         N/A       99%         2
 Poisonous Vapours        Pois/Air       0%         N/A       99%         2
 Confusing Touch          Hex            0%         N/A       100%        3
 Conjure Flame            Conj/Fire      0%         6-21      100%        3
 Dazzling Flash           Conj/Hex       0%         N/A       100%        3
 Mephitic Cloud           Conj/Pois/Air  0%         N/A       100%        3
 Tukima's Dance           Hex            0%         N/A       100%        3
 Freezing Cloud           Conj/Ice/Air   0%         6-21      100%        6


Dungeon Overview and Level Annotations

Branches:
Dungeon (7/15)
 Temple: D:4-7

Altars:
Ashenzari
Cheibriados
Dithmenos
Gozag
Kikubaaqudgha
Qazlal
Ru
Trog

Shops:
D:4 !   D:5 *


Innate Abilities, Weirdness & Mutations

You have a pair of horns on your head.
You reflexively headbutt those who attack you in melee.


Message History

Reach: a) +0 trident
Press: ? - help, Dir - move target, f - two-headed ogre
Aim: a two-headed ogre, wielding a +0 giant spiked club and a +0 giant club (about 21% to evade your +0 trident)
You reach to attack!
You hit the two-headed ogre.
The two-headed ogre is lightly wounded.
You barely miss the two-headed ogre.
The two-headed ogre is lightly wounded.
The two-headed ogre barely misses you. You block the two-headed ogre's attack.
You closely miss the two-headed ogre.
The two-headed ogre is lightly wounded.
The two-headed ogre misses you. You furiously retaliate!
You headbutt the two-headed ogre! The two-headed ogre closely misses you.
You puncture the two-headed ogre!
The two-headed ogre is heavily wounded.
The two-headed ogre closely misses you. You furiously retaliate!
You headbutt the two-headed ogre.
The two-headed ogre completely misses you.
You hit the two-headed ogre but do no damage.
The two-headed ogre is severely wounded.
You barely miss the two-headed ogre.
Your headbutt misses the two-headed ogre.
The two-headed ogre is severely wounded.
The two-headed ogre hits you with a +0 giant spiked club!!
The two-headed ogre barely misses you.
You hit the two-headed ogre.
The two-headed ogre is severely wounded.
The two-headed ogre hits you with a +0 giant spiked club!
The two-headed ogre hits you but does no damage.
You are too injured to fight recklessly!
You are too injured to fight recklessly!
You puncture the two-headed ogre!
The two-headed ogre is almost dead.
The two-headed ogre closely misses you.
The two-headed ogre hits you with a +0 giant club!
* * * LOW HITPOINT WARNING * * *
You barely miss the two-headed ogre.
The two-headed ogre is almost dead.
You block the two-headed ogre's attack.
The two-headed ogre hits you with a +0 giant club!!
You die...

## ## # ..# .#
#. #.# .#
#..##.## .#
#......##.#####
#.. #.........#
#.##..<......#
#..O.........#
###@.........#
#=.........#
#.#........#
#..........#
##$.^......#
#.........#
#.........#
###########


You could see a two-headed ogre.

Vanquished Creatures
  Pikel (D:4)
  A water moccasin (D:7)
  A black bear (D:7)
  2 necrophages
  6 phantoms
  2 wyvern zombies
  A bullfrog (D:6)
  A water moccasin skeleton (D:4)
  2 bullfrog zombies
  A jelly (D:6)
  A gnoll shaman (D:6)
  An orc priest (D:5)
  3 hounds
  A bullfrog skeleton (D:6)
  An iguana (D:7)
  A killer bee zombie (D:6)
  7 gnolls
  5 adders
  An ufetubus (D:7)
  An adder skeleton (D:4)
  3 dart slugs
  7 orcs
  7 ball pythons
  7 endoplasms
  2 giant cockroaches (D:1)
  11 goblins
  9 hobgoblins
  6 jackals
  5 kobolds
  8 bats
  6 frilled lizards (D:2)
  2 rats (D:1)
113 creatures vanquished.

Vanquished Creatures (others)
  6 plants
6 creatures vanquished.

Grand Total: 119 creatures vanquished

Notes
Turn   | Place    | Note
-------+----------+-------------------------------------------
     0 | D:1      | bilbop the Minotaur Fighter began the quest for the Orb.
     0 | D:1      | Reached XP level 1. HP: 19/19 MP: 0/0
   201 | D:1      | Reached XP level 2. HP: 27/27 MP: 1/1
   408 | D:1      | Reached XP level 3. HP: 28/33 MP: 2/2
  1732 | D:3      | Found a faded altar of an unknown god.
  2170 | D:4      | Reached XP level 4. HP: 41/41 MP: 3/3
  2399 | D:4      | Noticed a phantom
  2406 | D:4      | Found an ancient bone altar of Kikubaaqudgha.
  2408 | D:4      | Killed a phantom
  2409 | D:4      | Reached XP level 5. HP: 32/47 MP: 4/4
  2564 | D:4      | Found a stormy altar of Qazlal.
  2619 | D:4      | Reached skill level 5 in Shields
  2650 | D:4      | Noticed a lemure
  2650 | D:4      | Noticed a lemure
  2651 | D:4      | Noticed Pikel
  2651 | D:4      | Noticed a lemure
  2672 | D:4      | Killed Pikel
  2673 | D:4      | Reached skill level 5 in Fighting
  2673 | D:4      | Reached skill level 5 in Polearms
  2673 | D:4      | Reached skill level 5 in Armour
  2673 | D:4      | Reached XP level 6. HP: 55/57 MP: 5/5
  2673 | D:4      | Reached XP level 7. HP: 60/62 MP: 6/6
  2960 | D:4      | Found Obbiw's Distillery.
  2962 | D:4      | Found a bloodstained altar of Trog.
  3196 | D:5      | Entered Level 5 of the Dungeon
  3741 | D:5      | Found a shadowy altar of Dithmenos.
  3749 | D:5      | Found a broken altar of Ashenzari.
  3750 | D:5      | Found a sacrificial altar of Ru.
  3751 | D:5      | Found an opulent altar of Gozag.
  3752 | D:5      | Found a snail-covered altar of Cheibriados.
  3766 | D:5      | Found Eqajol's Assorted Antiques.
  3772 | D:5      | Bought an arbalest for 99 gold pieces
  3905 | D:5      | Reached XP level 8. HP: 71/71 MP: 7/7
  3949 | D:5      | Reached skill level 1 in Crossbows
  4216 | D:5      | Upgraded the game from 0.27-a0-1181-g5f64966fcc to
                  | 0.27-a0-1184-ge86db4a01e
  5520 | D:7      | Noticed a two-headed ogre
  5525 | D:7      | Reached XP level 9. HP: 77/79 MP: 8/8
  5533 | D:7      | Slain by a two-headed ogre

Illustrated notes

Levels and vault maps discovered:
D:1:      nagdon_arrival_double_spiral, layout_basic, minmay_statues_item,
          nrook_mini_vaults, ebering_dispersal_statue_hall
D:2:      layout_basic, minmay_lizard_king
D:3:      layout_basic, basic_ecumenical_altar
D:4:      layout_basic, grunt_qazlal_clouds, lemuel_crystal_altar,
          amcnicky_altar_gilded, serial_shops, nicolae_shop_waterfront,
          uniq_pikel
D:5:      corexii_shack_village, layout_cave_pools, grunt_temple_overflow_open,
          serial_shops, shop, grunt_ministairs_12
D:6:      layout_loops_corners
D:7:      lemuel_bear_cage, layout_rooms, overflow_temple_1_default,
          minmay_temple_entry_junction

Skill      XL: |  1  2  3  4  5  6  7  8 |
---------------+-------------------------+-----
Shields        | 4 6 7 |  7.7
Fighting       | 4 5 6 7 |  7.6
Armour         | 4 5 6 7 |  7.6
Polearms       | 3 5 7 |  7.1
Crossbows      | 3 |  3.3

Action                   |  1- 3 |  4- 6 |  7- 9 || total
-------------------------+-------+-------+-------++-------
Melee: Trident           |    81 |    40 |   183 ||   304
       Headbutt          |    13 |     5 |    28 ||    46
Armor: Scale mail        |    26 |    15 |    42 ||    83
Dodge: Dodged            |    22 |     6 |    56 ||    84
Block: Kite shield       |    36 |    15 |    68 ||   119

Table legend: (Time is in decaauts)
 A = Elapsed time spent in this place.
 B = Non-inter-level travel time spent in this place.
 C = Inter-level travel time spent in this place.
 D = Time resting spent in this place.
 E = Time spent auto-exploring this place.
 F = Levels seen in this place.
 G = Mean time per level.
                   A        B        C        D        E       F      G
               +--------+--------+--------+--------+--------+-----+--------+
         Total |   5606 |   5286 |    320 |    421 |   4166 |   7 |  800.9 |
       Dungeon |   5606 |   5286 |    320 |    421 |   4166 |   7 |  800.9 |
               +--------+--------+--------+--------+--------+-----+--------+

Top non-repeatable levels by time:
     D:6: 1070 daAuts
     D:4: 1065 daAuts
     D:5: 1055 daAuts
     D:1: 913 daAuts
     D:2: 655 daAuts
     D:3: 608 daAuts
     D:7: 238 daAuts
